 Dungeon Crawl Stone Soup version 0.22.0-49-gab54619 (webtiles) character file.

4804 Mojopoop the Cleaver (level 10, -6/88 HPs)
             Began as a Hill Orc Fighter on Sept 6, 2018.
             Was an Elder of Beogh.
             Mangled by an orc knight
             ... wielding a +1 broad axe
              (7 damage)
             ... on level 2 of the Orcish Mines.
             The game lasted 00:52:00 (8209 turns).

Mojopoop the Cleaver (Hill Orc Fighter)             Turns: 8209, Time: 00:52:12

Health: -6/88      AC: 17    Str: 22    XL:     10   Next: 48%
Magic:  10/10      EV:  6    Int:  8    God:    Beogh [****..]
Gold:   803        SH: 11    Dex: 11    Spells: 9/9 levels left

rFire    . . .     SeeInvis .   g - +5 hand axe
rCold    . . .     Gourm    .   c - +0 shield
rNeg     . . .     Faith    .   A - +1 plate armour
rPois    .         Spirit   .   q - +0 helmet
rElec    .         Reflect  .   r - scarf {repulsion}
rCorr    +         Harm     +   u - +0 pair of gloves
MR       .....                  (no boots)
Stlth    ..........             t - amulet of harm
HPRegen  0.24/turn              z - ring of resist corrosion
MPRegen  0.12/turn              B - ring of stealth

@: repel missiles
A: no striking features
a: Smiting, Recall Orcish Followers, Renounce Religion


You were on level 2 of the Orcish Mines.
You worshipped Beogh.
Beogh was greatly pleased with you.
You were not hungry.

You visited 3 branches of the dungeon, and saw 12 of its levels.
You also visited: Sewer.

You collected 803 gold pieces.

Inventory:

Hand Weapons
 a - a +0 war axe
 g - a +5 hand axe (weapon)
 v - a +0 battleaxe
Armour
 c - a +0 shield (worn)
 q - a +0 helmet (worn)
 r - a scarf of repulsion (worn)
 u - a +0 pair of gloves (worn)
 A - a +1 plate armour (worn)
 G - a +0 pair of gloves
Jewellery
 t - an amulet of harm (around neck)
 z - a ring of resist corrosion (left hand)
 B - a ring of stealth (right hand)
Wands
 p - a wand of digging (17)
 x - a wand of enslavement (12)
 C - a wand of random effects (24)
Scrolls
 b - a scroll of brand weapon {unknown}
 h - 3 scrolls of fog
 k - 12 scrolls of teleportation
 m - 3 scrolls of remove curse
 o - 2 scrolls of fear
 y - 2 scrolls of amnesia
 F - a scroll of blinking {unknown}
Potions
 d - 2 potions of curing
 e - a potion of lignification
 i - a potion of might
 j - 2 potions of flight
 l - 3 potions of brilliance
 s - 2 potions of magic
 w - a potion of degeneration
Comestibles
 f - 11 rations


   Skills:
 + Level 7.7 Fighting
 + Level 11.9 Axes
 + Level 7.5 Armour
 - Level 3.3 Dodging
 - Level 2.0 Stealth
 + Level 8.2 Shields
 - Level 1.0 Invocations


You had 9 spell levels left.
You didn't know any spells.
Your spell library contained the following spells:

 Spells                   Type           Power        Failure   Level  Hunger
 Magic Dart               Conj           #...         100%        1    ##.....
 Summon Small Mammal      Summ           #...         100%        1    ##.....
 Blink                    Tloc           N/A          100%        2    ###....
 Call Imp                 Summ           #.......     100%        2    ###....
 Poisonous Vapours        Pois/Air       #.....       100%        2    ###....
 Slow                     Hex            #.......     100%        2    ###....
 Call Canine Familiar     Summ           #.......     100%        3    ####...
 Conjure Flame            Conj/Fire      #.......     100%        3    ####...
 Mephitic Cloud           Conj/Pois/Air  #.......     100%        3    ####...
 Summon Guardian Golem    Hex/Summ       #.......     100%        3    ####...
 Summon Ice Beast         Ice/Summ       #.......     100%        4    #####..
 Summon Lightning Spire   Summ/Air       #.......     100%        4    #####..
 Freezing Cloud           Conj/Ice/Air   #.........   100%        6    #######
 Ring of Flames           Chrm/Fire      #.........   100%        7    #######


Dungeon Overview and Level Annotations

Branches:
Dungeon (9/15)             Temple (1/1) D:4            Lair (0/6) D:8
    Orc (2/2) D:9             Elf (0/3) Orc:2

Altars:
Ashenzari
Cheibriados
Dithmenos
Elyvilon
Fedhas
Gozag
Hepliaklqana
Kikubaaqudgha
Makhleb
Nemelex Xobeh
Okawaru
Qazlal
Ru
Sif Muna
Trog
Uskayaw
Vehumet
Wu Jian
Xom
Yredelemnul
Zin
The Shining One

Annotations:
D:9 2 transporters, Alter's ghost, novice GnCj


Message History

The orc priest is severely wounded.
The orc knight unwields an uncursed enchanted broad axe.
The orc knight wields an arbalest.
The orc knight shoots a bolt.
The bolt hits your orc knight! The ogre barely misses your orc.
Your orc hits the orc priest but does no damage.
The orc priest barely misses your orc.
You slash the orc priest!
You kill the orc priest!
Beogh accepts your kill.
Beogh appreciates your killing of a heretic priest.
Your orc knight closely misses the orc knight.
Your orc hits the orc priest but does no damage.
The orc priest calls down the wrath of Beogh upon you.
Beogh smites you!
* * * LOW HITPOINT WARNING * * *
The orc knight unwields an uncursed arbalest.
The orc knight wields an uncursed enchanted broad axe.
The orc knight hits you with an uncursed enchanted broad axe.
You die...
Beogh appreciates the orc knight's killing of a heretic priest.

#.### ####...#
##.....#### #.........##
## ####.........## .#
#.............#
.#####.........o.#
.#..#.........()##
.o.........#..)o@#
.........###....o.......
........#.####.......O..
......##### #.......o..
........ ###......o#
......... .......##
......... .........
......... .........
......


You could see an orc knight, an ogre, an orc priest, a friendly orc knight, a
friendly orc wizard and a friendly orc.

Vanquished Creatures
  A troll (Orc:1)
  A hippogriff (D:7)
  2 hungry ghosts
  A water moccasin (D:9)
  An orc warrior (Orc:2)
  A sky beast (D:9)
  2 ice beasts
  A necrophage (D:5)
  3 ogres
  A centaur (D:5)
  2 bullfrogs
  10 wights
  A howler monkey (D:9)
  4 crimson imps
  A centaur zombie (D:8)
  2 jellies
  A centaur skeleton (D:4)
  A quasit (D:8)
  An orc priest (Orc:2)
  A bullfrog skeleton (D:5)
  3 hounds
  4 orc wizards
  2 iguanas
  7 worker ants
  A howler monkey skeleton (D:4)
  2 river rats (D:5)
  14 adders
  2 shadow imps
  3 oozes
  An adder skeleton (D:5)
  A worm (D:3)
  2 leopard geckos
  18 orcs
  10 giant cockroaches
  6 goblins
  5 hobgoblins
  27 jackals
  3 quokkas
  5 ball pythons
  6 bats
  12 frilled lizards
  16 kobolds
  A quokka skeleton (D:6)
  15 rats
  3 plants (Sewer)
207 creatures vanquished.

Vanquished Creatures (collateral kills)
  2 two-headed ogres (D:8)
  A troll (Orc:2)
  A warg (Orc:2)
  2 orc warriors (Orc:2)
  A black bear (D:7)
  2 sky beasts
  3 ogres
  A necrophage (D:9)
  A bullfrog (D:7)
  A crimson imp (D:7)
  A jelly (D:9)
  A hound (D:9)
  An orc priest (D:7)
  2 iguanas (D:7)
  3 orc wizards
  2 worker ants (D:8)
  An adder (D:9)
  An adder skeleton (D:7)
  3 orcs
  5 jackals (D:7)
35 creatures vanquished.

Vanquished Creatures (others)
  An orc warrior (Orc:2)
  2 orc priests
  An orc wizard (Orc:2)
  An ooze (D:3)
  10 orcs
  A plant (Sewer)
16 creatures vanquished.

Grand Total: 258 creatures vanquished

Notes
Turn   | Place    | Note
-------+----------+-------------------------------------------
     0 | D:1      | Mojopoop the Hill Orc Fighter began the quest for the Orb.
     0 | D:1      | Reached XP level 1. HP: 19/19 MP: 1/1
   118 | D:1      | Reached XP level 2. HP: 23/27 MP: 2/2
   168 | D:1      | Reached skill level 3 in Axes
   720 | D:2      | Reached XP level 3. HP: 30/33 MP: 3/3
  1231 | D:2      | Reached skill level 4 in Axes
  1231 | D:2      | Reached XP level 4. HP: 28/40 MP: 4/4
  1604 | D:3      | Reached skill level 1 in Dodging
  1604 | D:3      | Reached XP level 5. HP: 35/46 MP: 5/5
  1753 | D:3      | Became a worshipper of Beogh the Brigand
  1842 | D:3      | Reached skill level 5 in Axes
  1842 | D:3      | Reached XP level 6. HP: 50/53 MP: 6/6
  2053 | D:3      | Reached * piety under Beogh
  2292 | D:4      | Found a staircase to the Ecumenical Temple.
  2312 | Temple   | Entered the Ecumenical Temple
  2770 | D:4      | Reached skill level 6 in Axes
  2783 | D:4      | Found a hazy altar of Hepliaklqana.
  3108 | D:5      | Entered Level 5 of the Dungeon
  3152 | D:5      | Found a glowing drain.
  3163 | Sewer    | Entered a sewer
  3389 | Sewer    | Reached ** piety under Beogh
  3437 | Sewer    | Reached XP level 7. HP: 60/60 MP: 7/7
  3993 | D:5      | Reached skill level 5 in Shields
  4003 | D:5      | Found an ornate altar of the Wu Jian Council.
  4031 | D:5      | Reached skill level 7 in Axes
  4489 | D:5      | Reached skill level 5 in Fighting
  4750 | D:5      | You fall through a shaft for 3 floors!
  4760 | D:8      | Reached skill level 8 in Axes
  4760 | D:8      | Reached skill level 5 in Armour
  4760 | D:8      | Reached XP level 8. HP: 41/68 MP: 8/8
  5170 | D:8      | Reached *** piety under Beogh
  5207 | D:8      | Noticed a two-headed ogre
  5331 | D:6      | Reached skill level 9 in Axes
  5448 | D:6      | Found a white marble altar of Elyvilon.
  5452 | D:6      | Found a shattered altar of Ashenzari.
  5453 | D:6      | Found an ancient bone altar of Kikubaaqudgha.
  5453 | D:6      | Found a blossoming altar of Fedhas.
  5457 | D:6      | Found a burning altar of Makhleb.
  5681 | D:6      | Reached XP level 9. HP: 67/75 MP: 9/9
  6227 | D:7      | Reached skill level 10 in Axes
  6563 | D:8      | Noticed a two-headed ogre
  6572 | D:8      | Killed a two-headed ogre
  6572 | D:8      | Reached skill level 1 in Stealth
  6578 | D:8      | Killed a two-headed ogre
  6627 | D:8      | Reached skill level 11 in Axes
  6630 | D:8      | Reached XP level 10. HP: 59/84 MP: 10/10
  6650 | D:8      | Found a staircase to the Lair.
  6878 | D:8      | Reached **** piety under Beogh
  7451 | D:9      | Found a transporter.
  7482 | D:9      | Noticed Alter's ghost (novice GnCj)
  7674 | D:9      | Found a staircase to the Orcish Mines.
  7780 | D:9      | Found a transporter.
  7997 | Orc:1    | Entered Level 1 of the Orcish Mines
  8022 | Orc:1    | Reached skill level 1 in Invocations
  8060 | Orc:2    | Entered Level 2 of the Orcish Mines
  8064 | Orc:2    | Found a staircase to the Elven Halls.
  8192 | Orc:2    | Noticed an orc knight
  8209 | Orc:2    | HP: 1/88 [orc priest/divine providence (16)]
  8209 | Orc:2    | Mangled by an orc knight

Skill      XL: |  1  2  3  4  5  6  7  8  9 10 |
---------------+-------------------------------+-----
Axes           | 3 4 5 6 8 9 11 | 11.9
Shields        | 4 5 6 7 8 |  8.2
Fighting       | 4 5 6 7 |  7.7
Dodging        | 1 2 3 |  3.3
Armour         | 4 5 6 7 |  7.5
Stealth        | 1 2 |  2.0
Invocations    | 1 |  1.0

Action                   |  1- 3 |  4- 6 |  7- 9 | 10-12 || total
-------------------------+-------+-------+-------+-------++-------
Melee: War axe           |   149 |   350 |   246 |       ||   745
       Hand axe          |       |       |    91 |    84 ||   175
Invok: Convert to Beogh  |       |     1 |       |       ||     1
       Smiting           |       |       |     1 |     1 ||     2
       Recall Orcish Fol |       |       |       |     2 ||     2
Evoke: Wand              |       |       |       |     1 ||     1
  Use: Scroll            |     6 |     3 |     3 |     5 ||    17
       Potion            |     2 |     1 |    14 |     3 ||    20
 Stab: Distracted        |       |       |     1 |     1 ||     2
       Sleeping          |       |       |       |     1 ||     1
  Eat: Ration            |     1 |     2 |     6 |     2 ||    11
       Chunk             |       |       |     1 |     1 ||     2
Armor: Scale mail        |    64 |   137 |   134 |     2 ||   337
       Plate armour      |       |       |       |    35 ||    35
Dodge: Dodged            |    36 |   129 |    92 |    13 ||   270
       Deflected         |       |       |     3 |     1 ||     4
Block: Shield            |    85 |   177 |   192 |    48 ||   502
